 Dungeon Crawl Stone Soup version 0.17.1-3-g152610e (webtiles) character file.

77149 Shtopit the Basher (level 15, -11/108 HPs)
             Began as a Gargoyle Berserker on May 1, 2016.
             Was the Champion of Trog.
             Killed from afar by a deep elf annihilator (72 damage)
             ... with a crystal spear
             ... on level 1 of the Elven Halls.
             The game lasted 01:27:28 (24189 turns).

Shtopit the Basher (Gargoyle Berserker)            Turns: 24189, Time: 01:27:29

Health: -11/108    AC: 35    Str: 27    XL:     15   Next: 55%
Magic:  22/22      EV: 10    Int: 12    God:    Trog [******]
Gold:   1351       SH: 13    Dex:  9    Spells: 0 memorised, 14 levels left

rFire  + . .     SeeInvis .     v - +2 flail (protect)
rCold  . . .     Clarity  .     q - +2 plate armour {rF+}
rNeg   + . .     SustAt   .     N - +5 shield of Honesty {Regen+ Stlth+}
rPois  ∞         Gourm    .     P - +1 hat {MR+}
rElec  +         Spirit   .     (no cloak)
rCorr  +         Warding  .     C - +1 pair of gloves
rMut   .         Stasis   .     (no boots)
MR     +++..                    u - amulet of resist corrosion
Stlth  ..........               m - ring of protection from magic
                                S - +2 ring of evasion

@: exhausted, slowed, very slow, extremely resistant to hostile enchantments,
extremely unstealthy
A: big wings, horns 1, talons 1, blurry vision 1, clever 1, negative energy
resistance 1, robust 1, electricity resistance, strong 1, unbreathing,
petrification resistance, rot immunity, AC +11
a: Fly, Berserk, Trog's Hand, Brothers in Arms, Burn Spellbooks, Renounce
Religion


You were on level 1 of the Elven Halls.
You worshipped Trog.
Trog was exalted by your worship.
You were hungry.

You visited 4 branches of the dungeon, and saw 22 of its levels.
You also visited: Volcano.

You collected 2573 gold pieces.
You spent 1222 gold pieces at shops.

Inventory:

Hand Weapons
 s - a +3 antimagic morningstar
 v - a +2 flail of protection (weapon)
 D - a +2 great mace of holy wrath
 J - the +2 eveningstar of Innocence {venom, *Confuse +Inv Int+10 Dex-5}
   (You found it on level 8 of the Lair of Beasts)

   It poisons the flesh of those it strikes.
   It affects your intelligence (+10).
   It affects your dexterity (-5).
   It lets you turn invisible.
   It may confuse you when you take damage.
 L - a +5 dire flail of crushing
Missiles
 f - 18 tomahawks (quivered)
Armour
 o - a quicksilver dragon armour
 q - a +2 plate armour of fire resistance (worn)
 w - the +1 shield "Utsoph" {rF+}
   (You bought it in a shop on level 4 of the Orcish Mines)

   It protects you from fire.
 C - a +1 pair of gloves (worn)
 N - the +5 shield of Honesty (worn) {Regen+ Stlth+}
   (You bought it in a shop on level 4 of the Orcish Mines)

   It increases your rate of regeneration.
   It makes you more stealthy.
 P - a +1 hat of magic resistance (worn)
Jewellery
 i - the amulet "Xigesail" {rMut rPois}
   (You found it on level 8 of the Lair of Beasts)

   [amulet of resist mutation]

   It protects you from mutation.
   It protects you from poison.
 m - a ring of protection from magic (right hand)
 n - an uncursed ring of teleportation
 u - an amulet of resist corrosion (around neck)
 y - an uncursed ring of sustain attributes
 K - an uncursed amulet of stasis
 M - an uncursed ring of protection from cold
 O - an uncursed ring of magical power
 S - a +2 ring of evasion (left hand)
 Y - an uncursed ring of protection from cold
Wands
 b - a wand of lightning (8)
 d - a wand of digging (15)
 p - a wand of hasting (1)
 t - a wand of teleportation (6)
 E - a wand of flame (47)
 R - a wand of hasting (5)
Scrolls
 j - 7 scrolls of remove curse
 r - a scroll of magic mapping
 A - 2 scrolls of teleportation
 H - 3 scrolls of fear
 T - a scroll of enchant armour
 X - 5 scrolls of fog
Potions
 e - 8 potions of curing
 h - 3 potions of brilliance
 k - 2 potions of cure mutation
 B - 2 potions of heal wounds
 F - a potion of magic
 G - 2 potions of might
 Q - 2 potions of haste
 W - a potion of invisibility
 Z - 2 potions of agility
Miscellaneous
 U - a stone of tremors
 V - a plain deck of wonders
Comestibles
 a - a slice of pizza
 c - 16 bread rations
 g - 9 meat rations
 l - 5 beef jerkies
 x - 32 fruits
 z - 2 royal jellies
 I - a chunk of flesh


   Skills:
 + Level 13.2 Fighting
 + Level 14.7 Maces & Flails
 + Level 9.9 Armour
 + Level 11.7 Dodging
 - Level 1.0 Stealth
 + Level 0.9 Shields
 + Level 10.0 Evocations


You had 14 spell levels left.
You didn't know any spells.

Dungeon Overview and Level Annotations

Branches:
Dungeon (9/15)             Temple (0/1) D:7            Lair (8/8) D:8
  Swamp (0/4) Lair:6        Snake (0/4) Lair:5        Slime (0/6) Lair:6
    Orc (4/4) D:9             Elf (1/3) Orc:4

Altars:
Ashenzari
Dithmenos
Elyvilon
Fedhas
Makhleb
Ru
Trog
The Shining One
Beogh
Jiyva

Shops:
D:7 =   Orc:3 (   Orc:4 [[:[


Innate Abilities, Weirdness & Mutations

You are resistant to torment.
Your stone body is resilient (AC +11).
You are immune to poison.
Your large and strong wings let you fly indefinitely.
You resist negative energy.
You are resistant to electric shocks.
You can survive without breathing.
You are immune to petrification.
You are immune to rotting.
You have a pair of small horns on your head.
You have sharp toenails.
Scrolls take you a little longer to read.
Your mind is acute. (Int +2)
You are robust (+10% HP).
Your muscles are strong. (Str +2)


Message History

The deep elf annihilator is almost dead.
The deep elf annihilator gestures at you while chanting.
The poison arrow hits you! You partially resist.
You barely miss the deep elf annihilator.
You headbutt the deep elf annihilator.
The deep elf annihilator is almost dead.
The deep elf annihilator hits you with a long sword.
You closely miss the deep elf annihilator.
Your kick misses the deep elf annihilator.
The deep elf annihilator is almost dead.
The deep elf annihilator casts a spell at you.
The bolt of lightning hits you! You resist.
You sock the deep elf annihilator!
You kill the deep elf annihilator!
Trog accepts your kill.
Trog appreciates your killing of a magic user.
The deep elf annihilator gestures at you while chanting.
The crystal spear hits you!
Ouch! That really hurt!
You die...

## ## #. .#
###. .# ... .#
#e###.#
#.e...#
##)#.##
##@###.## #.##
##.### #..)##
##..#########
#.##
#............
#
#.#.>########.
#..#..# ### #.
#.#..... ..#
#. #.###..##
#.# #. . #..#
#.# #.


You could see a deep elf annihilator.

Vanquished Creatures
  Gastronok (Lair:2)
  A deep elf annihilator (Elf:1)
  An ettin (Orc:3)
  Erolcha (D:9)
  9 hydras
  4 catoblepae (Lair:8)
  10 death yaks (Lair:8)
  Urug (Lair:2)
  2 deep elf knights (Elf:1)
  An orc knight (Orc:4)
  Pikel (D:9)
  The ghost of HEYYEYAAE the Nimble, a novice SpFi of Nemelex Xobeh (D:8)
  A lindwurm (Lair:7)
  A manticore (Volcano)
  3 griffons
  13 elephants
  8 black mambas
  A torpor snail (Lair:3)
  14 spiny frogs
  A molten gargoyle (Volcano)
  A gargoyle (Volcano)
  6 komodo dragons
  5 fire drakes
  A troll (D:9)
  2 polar bears
  2 two-headed ogres
  Grinder (D:3)
  23 blink frogs
  A spriggan (Lair:4)
  The ghost of pedritolo the Ruffian, an amateur VSTm (D:4)
  2 basilisks
  75 yaks
  10 fire bats (Volcano)
  2 deep elf fighters (Elf:1)
  13 hippogriffs
  17 wolves
  2 wargs (D:8)
  20 water moccasins
  A hell hound (Volcano)
  29 orc warriors
  4 nagas (Lair:5)
  5 sky beasts
  14 porcupines
  An ice beast (D:4)
  5 black bears
  7 ogres
  9 centaurs
  4 phantoms
  17 crocodiles
  16 giant frogs
  A gnoll sergeant (D:6)
  4 scorpions
  2 electric eels (Lair:2)
  5 crimson imps
  2 vampire bats (Lair:6)
  2 giant frog zombies
  6 hounds
  A jelly (D:5)
  5 lava snakes (Volcano)
  Ijyb (D:2)
  18 orc priests
  4 centaur skeletons
  A giant frog skeleton (D:8)
  9 iguanas
  8 worker ants
  18 orc wizards
  6 hell rats (Lair:8)
  21 sheep
  A hound skeleton (D:7)
  A worker ant zombie (D:5)
  3 gnolls (D:6)
  9 adders
  62 river rats
  A shadow imp (D:6)
  3 oozes
  A worm (D:7)
  5 giant geckos
  117 orcs
  7 giant cockroaches
  4 goblins
  8 hobgoblins
  2 jackals (D:2)
  3 quokkas
  A ball python (D:2)
  11 bats
  A giant cockroach zombie (D:5)
  4 giant newts
  6 kobolds
  8 rats
  3 plants
746 creatures vanquished.

Vanquished Creatures (others)
  A deep elf summoner (Elf:1)
  A slave (D:9)
  A giant frog (D:9)
  A river rat (Lair:7)
  An adder (D:9)
  3 bushes (Lair:6)
  33 fungi
  19 plants
60 creatures vanquished.

Grand Total: 806 creatures vanquished

Notes
Turn   | Place    | Note
--------------------------------------------------------------
     0 | D:1      | Shtopit the Gargoyle Berserker began the quest for the Orb.
     0 | D:1      | Reached XP level 1. HP: 14/14 MP: 1/1
   456 | D:1      | Reached XP level 2. HP: 19/19 MP: 2/2
   981 | D:2      | Reached XP level 3. HP: 24/24 MP: 3/3
  1069 | D:2      | Noticed Ijyb
  1077 | D:2      | Killed Ijyb
  1077 | D:2      | Reached skill level 4 in Fighting
  1077 | D:2      | Reached XP level 4. HP: 29/29 MP: 4/4
  1307 | D:2      | Reached ** piety under Trog
  1805 | D:3      | Noticed a black bear
  1809 | D:3      | Killed a black bear
  1809 | D:3      | Reached XP level 5. HP: 34/34 MP: 5/5
  2065 | D:3      | Noticed Grinder
  2067 | D:3      | Paralysed by Grinder for 7 turns
  2084 | D:3      | Killed Grinder
  2084 | D:3      | Reached XP level 6. HP: 40/40 MP: 6/6
  2501 | D:3      | Found a sacrificial altar of Ru.
  2853 | D:4      | Noticed pedritolo's ghost (amateur VSTm)
  2871 | D:4      | Killed pedritolo's ghost
  2871 | D:4      | Reached skill level 5 in Fighting
  2871 | D:4      | Reached XP level 7. HP: 44/44 MP: 7/7
  2941 | D:4      | Reached *** piety under Trog
  3262 | D:4      | Found a blossoming altar of Fedhas.
  3311 | D:4      | Reached skill level 5 in Maces & Flails
  3548 | D:4      | Reached XP level 8. HP: 48/50 MP: 8/8
  3606 | D:4      | Noticed a two-headed ogre
  3620 | D:4      | Killed a two-headed ogre
  3620 | D:4      | Reached skill level 5 in Armour
  3620 | D:4      | Reached skill level 1 in Stealth
  3971 | D:4      | Reached skill level 6 in Fighting
  4082 | D:5      | Entered Level 5 of the Dungeon
  4330 | D:5      | Reached skill level 5 in Dodging
  4330 | D:5      | Reached XP level 9. HP: 22/56 MP: 9/9
  4648 | D:5      | Reached **** piety under Trog
  4703 | D:5      | Reached skill level 7 in Fighting
  6567 | D:6      | Reached skill level 8 in Maces & Flails
  6825 | D:7      | Found Doipn's Jewellery Shoppe.
  6863 | D:7      | Reached XP level 10. HP: 33/64 MP: 10/10
  7159 | D:7      | Found a staircase to the Ecumenical Temple.
  7163 | D:7      | Reached skill level 1 in Evocations
  7231 | D:7      | Found a bloodstained altar of Trog.
  7336 | D:7      | Reached ***** piety under Trog
  7597 | D:7      | Found a burning altar of Makhleb.
  7607 | D:7      | Found a glowing golden altar of the Shining One.
  7684 | D:7      | Found a shattered altar of Ashenzari.
  8347 | D:8      | Reached skill level 9 in Maces & Flails
  8499 | D:8      | Received a gift from Trog
  8528 | D:8      | Found a staircase to the Lair.
  8842 | D:8      | Noticed HEYYEYAAE's ghost (novice SpFi)
  8856 | D:8      | Killed HEYYEYAAE's ghost
  8939 | Lair:1   | Entered Level 1 of the Lair of Beasts
  8945 | Lair:1   | Reached XP level 11. HP: 69/69 MP: 13/13
  9029 | Lair:1   | Noticed an eight-headed hydra
  9042 | Lair:1   | Killed an eight-headed hydra
  9131 | Lair:1   | Found a dark tunnel.
  9137 | Volcano  | Entered a volcano
  9317 | Volcano  | Found a burning altar of Makhleb.
  9343 | Volcano  | Reached skill level 10 in Maces & Flails
 10104 | Lair:1   | Got a translucent falchion
 10105 | Lair:1   | Identified the +8 falchion "Eriylu" {antimagic, -Tele rC+ rN+ Dex+2} (You found it on level 1 of the Lair of Beasts)
 10521 | Lair:2   | Reached skill level 5 in Evocations
 10521 | Lair:2   | Reached XP level 12. HP: 61/76 MP: 15/15
 10866 | Lair:2   | Noticed Gastronok
 10916 | Lair:2   | Killed Gastronok
 11156 | Lair:2   | Noticed Urug
 11178 | Lair:2   | Killed Urug
 11178 | Lair:2   | Reached skill level 11 in Maces & Flails
 11685 | Lair:3   | Reached skill level 10 in Fighting
 11783 | Lair:3   | Noticed a seven-headed hydra
 11792 | Lair:3   | Killed a seven-headed hydra
 12141 | Lair:3   | Reached ****** piety under Trog
 12283 | Lair:3   | Received a gift from Trog
 12826 | Lair:4   | Reached XP level 13. HP: 83/83 MP: 18/18
 13184 | Lair:4   | Reached skill level 10 in Dodging
 13367 | Lair:4   | Reached skill level 12 in Maces & Flails
 13893 | Lair:5   | Got a spiked chain mail
 13904 | Lair:5   | Identified the cursed +0 chain mail "Vuthewk" {rElec Dex+3 Slay-5} (You found it on level 5 of the Lair of Beasts)
 14174 | Lair:5   | Received a gift from Trog
 14206 | Lair:5   | Gained mutation: Your muscles are strong. (Str +2) [potion of mutation]
 14206 | Lair:5   | Gained mutation: Scrolls take you a little longer to read. [potion of mutation]
 14206 | Lair:5   | Gained mutation: Your mind is acute. (Int +2) [potion of mutation]
 14226 | Lair:5   | Gained mutation: You have a pair of small horns on your head. [potion of mutation]
 14226 | Lair:5   | Gained mutation: You have sharp toenails. [potion of mutation]
 14226 | Lair:5   | Gained mutation: You are robust (+10% HP). [potion of mutation]
 14242 | Lair:5   | Found a staircase to the Snake Pit.
 15032 | Lair:6   | Found a white marble altar of Elyvilon.
 15061 | Lair:6   | Found a viscous altar of Jiyva.
 15061 | Lair:6   | Found a staircase to the Slime Pits.
 15312 | Lair:6   | Found a staircase to the Swamp.
 16091 | Lair:7   | Received a gift from Trog
 16104 | Lair:7   | Got a steaming morningstar {god gift}
 16106 | Lair:7   | Identified the +3 morningstar of Limnegh {venom, *Contam rElec rN+} (Trog gifted it to you on level 7 of the Lair of Beasts)
 16343 | Lair:7   | Gained mutation: Your large and strong wings let you fly indefinitely. [Gargoyle growth]
 16343 | Lair:7   | Reached XP level 14. HP: 78/100 MP: 20/20
 16446 | Lair:7   | Reached skill level 13 in Maces & Flails
 17434 | Lair:8   | Entered Level 8 of the Lair of Beasts
 17510 | Lair:8   | Received a gift from Trog
 18285 | Lair:8   | Got a bound graven amulet
 18288 | Lair:8   | Identified the amulet "Xigesail" {rMut rPois} (You found it on level 8 of the Lair of Beasts)
 19315 | Lair:8   | Received a gift from Trog
 19315 | Lair:8   | Reached skill level 14 in Maces & Flails
 19341 | Lair:8   | Reached XP level 15. HP: 97/106 MP: 22/22
 20043 | Lair:8   | Got a steaming eveningstar
 20044 | Lair:8   | Identified the +2 eveningstar of Innocence {venom, *Confuse +Inv Int+10 Dex-5} (You found it on level 8 of the Lair of Beasts)
 21020 | D:9      | Noticed Pikel
 21021 | D:9      | Found a staircase to the Orcish Mines.
 21026 | D:9      | Killed Pikel
 21191 | D:9      | Noticed Erolcha
 21198 | D:9      | Killed Erolcha
 21198 | D:9      | Received a gift from Trog
 21203 | D:9      | Found a shadowy altar of Dithmenos.
 21671 | Orc:1    | Entered Level 1 of the Orcish Mines
 22056 | Orc:1    | Found a roughly hewn altar of Beogh.
 22371 | Orc:3    | Found Haodext's Weapon Shoppe.
 22687 | Orc:3    | Reached skill level 10 in Evocations
 22920 | Orc:4    | Entered Level 4 of the Orcish Mines
 22920 | Orc:4    | Found a roughly hewn altar of Beogh.
 23161 | Orc:4    | Received a gift from Trog
 23577 | Orc:4    | Found Hocweob's Book Shoppe.
 23577 | Orc:4    | Found Vuusuoty's Antique Armour Shop.
 23579 | Orc:4    | Found Seskuax's Antique Armour Boutique.
 23581 | Orc:4    | Found Poharch's Antique Armour Emporium.
 23636 | Orc:4    | Bought a pair of embroidered gloves for 130 gold pieces
 23692 | Orc:4    | Bought a warped shield for 247 gold pieces
 23692 | Orc:4    | Bought a pitted shield for 247 gold pieces
 23692 | Orc:4    | Bought a shiny plate armour for 598 gold pieces
 23713 | Orc:4    | Identified the +1 shield "Utsoph" {rF+} (You bought it in a shop on level 4 of the Orcish Mines)
 23727 | Orc:4    | Identified the +5 shield of Honesty {Regen+ Stlth+} (You bought it in a shop on level 4 of the Orcish Mines)
 23962 | Orc:4    | Found a staircase to the Elven Halls.
 24076 | Elf:1    | Entered Level 1 of the Elven Halls
 24189 | Elf:1    | Killed from afar by a deep elf annihilator

Action                   |  1- 3 |  4- 6 |  7- 9 | 10-12 | 13-15 || total
-------------------------+-------+-------+-------+-------+-------++-------
Melee: Mace              |    55 |   134 |       |       |       ||   189
       Flail             |       |    44 |   448 |   261 |   143 ||   896
       Dire flail        |       |       |       |   512 |  1192 ||  1704
       Whip              |       |       |       |    50 |       ||    50
       Great mace        |       |       |       |     2 |       ||     2
       Eveningstar       |       |       |       |       |    36 ||    36
Invok: Berserk           |     1 |     3 |     2 |     5 |     8 ||    19
       Burn Spellbooks   |       |       |       |       |     1 ||     1
Evoke: Wand              |       |       |       |       |     1 ||     1
  Use: Scroll            |       |       |    12 |     5 |    12 ||    29
       Potion            |       |       |       |    11 |     5 ||    16
  Eat: Chunk             |       |     9 |    17 |    26 |    42 ||    94
       Fruit             |       |       |       |       |     3 ||     3
